 Dungeon Crawl Stone Soup version 0.30-a0-860-g512cf1e979 (webtiles) character file.

Game seed: 11718899168456400652

89 BubbleThief the Stinger (level 4, -2/36 HPs)
             Began as a Naga Venom Mage on Mar 7, 2023.
             Was an Initiate of Cheibriados.
             Slain by an orc
             ... wielding a +0 hand axe
              (4 damage)
             ... on level 3 of the Dungeon.
             The game lasted 00:04:48 (2413 turns).

BubbleThief the Stinger (Naga Venom Mage)           Turns: 2413, Time: 00:04:49

Health: -2/36      AC:  2    Str: 11    XL:     4   Next: 55%
Magic:  1/8        EV: 10    Int: 18    God:    Cheibriados [......]
Gold:   169        SH:  0    Dex: 13    Spells: 1/9 levels left

rFire   . . .      SeeInvis +    l - +1 demon trident (elec)
rCold   . . .      Faith    +    (no shield)
rNeg    . . .      Spirit   .    a - +0 robe
rPois   +          Reflect  .    (no helmet)
rElec   .          Rampage  .    (no cloak)
rCorr   .                        (no gloves)
Will    .....                    (no barding)
Stlth   ++                       m - amulet of faith
HPRegen 0.26/turn                (no ring)
MPRegen 0.11/turn                (no ring)

@: short of breath, very slightly contaminated, very slow
A: AC +1, large, see invisible, deformed body, poison resistance, slowness 2,
spit poison 1, naga tail 1
a: Spit Poison, Renounce Religion


You were on level 3 of the Dungeon.
You worshipped Cheibriados.
Cheibriados was noncommittal.
You visited 1 branch of the dungeon, and saw 4 of its levels.

You collected 169 gold pieces.

Inventory:

Hand Weapons
 l - a +1 demon trident of electrocution (weapon)
Armour
 a - a +0 robe (worn)
Magical Staves
 i - a staff of conjuration
Jewellery
 m - an amulet of faith (around neck)
Wands
 o - a wand of quicksilver (10)
Scrolls
 c - 2 scrolls of torment {unknown}
 e - a scroll of enchant armour {unknown}
 f - 4 scrolls of identify {unknown}
 h - a scroll of fog {unknown}
 k - a scroll of magic mapping {unknown}
 n - a scroll of teleportation {unknown}
 p - a scroll of poison {unknown}
 r - 3 scrolls of vulnerability {unknown}
 s - a scroll of amnesia {unknown}
Potions
 b - 2 potions of magic
 d - a potion of curing {unknown}
 g - a potion of brilliance {unknown}
 j - 2 potions of resistance {unknown}
 q - 2 potions of lignification {unknown}
 t - a potion of mutation {unknown}


   Skills:
 - Level 1.5 Dodging
 - Level 3.0 Stealth
 - Level 3.0 Spellcasting
 - Level 1.0 Transmutations
 + Level 5.9 Poison Magic


You had one spell level left.
You knew the following spells:

 Your Spells              Type           Power      Damage    Failure   Level
a - Sting                 Tmut/Pois      60%        1d6       3%          1
b - Mephitic Cloud        Conj/Pois/Air  9%         N/A       22%         3
c - Olgreb's Toxic Radia  Pois           24%        N/A       14%         4

Your spell library contained the following spells:

 Spells                   Type           Power      Damage    Failure   Level
 Poisonous Vapours        Pois/Air       26%        N/A       7%          2


Dungeon Overview and Level Annotations

Branches:
Dungeon (4/15)
 Temple: D:4-7

Altars:
Cheibriados


Innate Abilities, Weirdness & Mutations

Your serpentine skin is tough. (AC +1)
You have supernaturally acute eyesight. (SInv)
Armour fits poorly on your strangely shaped body.
Your system is resistant to poisons. (rPois)
You cover ground very slowly.
You can spit poison.
You have a snake-like lower body.


Message History

The orc barely misses you.
You climb upwards.
There is a stone staircase leading down here.
Unknown command.
Casting: Olgreb's Toxic Radiance (quite dangerous; 14% risk of failure)
Confirm with . or Enter, or press ? or * to list all spells.
The spell is quite dangerous to miscast (14% risk of failure)!
Continue anyway?
You miscast Olgreb's Toxic Radiance.
Nothing appears to happen.
The adder bites you. The orc hits you with a +0 hand axe.
The orc barely misses you.
Unknown command.
Aiming: Spit Poison (1% risk of failure)
Press: ? - help, Shift-Dir - straight line, f - adder
Aim: an adder (37% to hit)
The splash of poison hits the adder.
The adder is moderately wounded.
The adder bites you. The adder bites you but does no damage.
The orc hits you with a +0 hand axe. The orc barely misses you.
You hit the adder.
The adder is almost dead.
The adder barely misses you. The orc hits you with a +0 hand axe. x2
You barely miss the adder.
The adder is severely wounded.
The adder barely misses you. The orc hits you with a +0 hand axe.
* * * LOW HITPOINT WARNING * * *
The orc hits you but does no damage. The adder bites you.
* * * LOW HITPOINT WARNING * * *
Unknown command.
You closely miss the adder.
The adder is severely wounded.
The adder closely misses you. The orc barely misses you.
The orc closely misses you. The adder barely misses you.
You closely miss the adder.
The adder is severely wounded.
The orc hits you with a +0 hand axe.
* * * LOW HITPOINT WARNING * * *
The orc hits you with a +0 hand axe.
* * * LOW HITPOINT WARNING * * *
The adder closely misses you. The orc hits you with a +0 hand axe.
You die...

############# #...........#
#.#########.# ####.# #.#
##.##.# #.# ########...#.#
#.#
.............#########.#####
.......[.......o@S.........#
########)......o.#####.###.#
########..##.###.#####.###.#
..>.......##...........#<..##
#########.######.######.....#
# #.# ##.# #...#.# # ##.#
#..# #.....# # #..# #.##
##...## # #.## #.# ##<##


You could see an adder and 2 orcs.

Vanquished Creatures
  2 adders (D:2)
  A dart slug (D:1)
  4 orcs (D:3)
  4 ball pythons
  7 bats
  5 endoplasms
  4 giant cockroaches
  3 goblins
  7 hobgoblins
  3 jackals (D:2)
  4 quokkas
  2 frilled lizards
  6 kobolds
  4 rats
56 creatures vanquished.

Notes
Turn   | Place    | Note
-------+----------+-------------------------------------------
     0 | D:1      | BubbleThief the Naga Venom Mage began the quest for the
                  | Orb.
     0 | D:1      | Reached XP level 1. HP: 15/15 MP: 3/3
    64 | D:1      | Found a faded altar of an unknown god.
   134 | D:1      | Reached XP level 2. HP: 22/22 MP: 3/5
   564 | D:1      | Reached XP level 3. HP: 28/28 MP: 4/6
   985 | D:2      | Reached skill level 5 in Poison Magic
  1225 | D:2      | Reached XP level 4. HP: 36/36 MP: 5/8
  1229 | D:2      | Learned a level 3 spell: Mephitic Cloud
  1234 | D:2      | Learned a level 4 spell: Olgreb's Toxic Radiance
  2097 | D:3      | Found a snail-covered altar of Cheibriados.
  2108 | D:3      | Became a worshipper of Cheibriados the Contemplative
  2413 | D:3      | Slain by an orc

Illustrated notes

Levels and vault maps discovered:
D:1:      psy_arrival_terrarium, layout_rooms, shapermc_ecumenical_altar_pompeii
D:2:      minmay_general_purpose_star, layout_basic
D:3:      layout_loops_ring, mainiacjoe_overflow_chevrons
D:4:      layout_loops_ring, minmay_temple_entry_mist, serial_shops,
          kennysheep_mini_moat, minmay_misc_feat_roman, uniq_menkaure

Skill      XL: |  1  2  3 |
---------------+----------+-----
Poison Magic   | 5 |  5.9
Spellcasting   | 3 |  3.0
Dodging        | |  1.5
Stealth        | |  3.0
Transmutations | |  1.0

Action                     |  1- 3 |  4- 6 || total
---------------------------+-------+-------++-------
  Melee: Unarmed           |     1 |       ||     1
         Demon trident     |    10 |    46 ||    56
   Cast: Sting             |    36 |     5 ||    41
         Olgreb's Toxic Ra |       |     1 ||     1
Ability: Spit Poison       |    25 |     8 ||    33
   Stab: Sleeping          |       |     2 ||     2
 Armour: Robe              |     3 |     9 ||    12
  Dodge: Dodged            |    12 |    39 ||    51

Table legend: (Time is in decaauts)
 A = Elapsed time spent in this place.
 B = Non-inter-level travel time spent in this place.
 C = Inter-level travel time spent in this place.
 D = Time resting spent in this place.
 E = Time spent auto-exploring this place.
 F = Levels seen in this place.
 G = Mean time per level.
                   A        B        C        D        E       F      G
               +--------+--------+--------+--------+--------+-----+--------+
         Total |   3202 |   3126 |     76 |      0 |   2672 |   4 |  800.5 |
       Dungeon |   3202 |   3126 |     76 |      0 |   2672 |   4 |  800.5 |
               +--------+--------+--------+--------+--------+-----+--------+

Top non-repeatable levels by time:
     D:3: 1233 daAuts
     D:2: 1144 daAuts
     D:1: 822 daAuts
     D:4: 2 daAuts
